 Dungeon Crawl Stone Soup version 0.17-a0-2099-g910b1c6 (webtiles) character file.

2448 Ordine the Cruncher (level 9, -2/70 HPs)
             Began as a Minotaur Gladiator on Oct 17, 2015.
             Slain by an ice beast (14 damage)
             ... on level 6 of the Dungeon.
             The game lasted 00:16:07 (5458 turns).

Ordine the Cruncher (Minotaur Gladiator)            Turns: 5458, Time: 00:16:08

Health: -2/70      AC:  0    Str: 21    XL:     9   Next: 25%
Magic:  8/8        EV: 12    Int:  5    God:
Gold:   272        SH:  0    Dex: 13    Spells: 0 memorised, 8 levels left

rFire  . . .     SeeInvis +     G - +1 spear of Conformity {freeze, -Tele rElec SInv} (curse)
rCold  . . .     Clarity  .     h - +0 ring mail (curse)
rNeg   . . .     SustAt   +     (no shield)
rPois  .         Gourm    .     c - +0 hat
rElec  +         Spirit   .     D - +1 cloak
rCorr  .         Warding  .     (no gloves)
rMut   .         NoTele   +     m - +0 pair of boots
MR     +....                    (no amulet)
Stlth  +.........               n - ring of protection from magic
                                o - ring of sustain attributes

@: corroded equipment, somewhat resistant to hostile enchantments, very
unstealthy
A: retaliatory headbutt, horns 2
a: no special abilities


You were on level 6 of the Dungeon.
You were not hungry.

You visited 2 branches of the dungeon, and saw 7 of its levels.
You also visited: Ossuary.

You collected 272 gold pieces.

Inventory:

Hand Weapons
 C - a +4 quarterstaff of chaos
 G - the cursed +1 spear of Conformity (weapon) {freeze, -Tele rElec SInv}
   (You found it on level 6 of the Dungeon)

   It has been specially enchanted to freeze those struck by it, causing extra
   injury to most foes and up to half again as much damage against particularly
   susceptible opponents.
   It can also slow down cold-blooded creatures.
   It insulates you from electricity.
   It lets you see invisible.
   It prevents most forms of teleportation.
   It has a curse placed upon it.
Missiles
 d - 3 throwing nets (quivered)
Armour
 c - a +0 hat (worn)
 h - a cursed +0 ring mail (worn)
 m - a +0 pair of boots (worn)
 D - a +1 cloak (worn)
 E - a +0 plate armour
Jewellery
 n - a ring of protection from magic (right hand)
 o - a ring of sustain attributes (left hand)
Wands
 y - a wand of fireball (7)
Scrolls
 b - a scroll of recharging
 i - 3 scrolls of identify
 q - 2 scrolls of immolation
 A - a scroll of magic mapping
Potions
 a - a potion of heal wounds
 f - a potion of agility
 g - 6 potions of curing
 j - 2 potions of cure mutation {unknown}
 l - 2 potions of poison {unknown}
 p - 2 potions of invisibility {unknown}
 r - a potion of might {unknown}
 s - 2 potions of mutation {unknown}
 t - 3 potions of magic {unknown}
 u - a potion of degeneration {unknown}
 v - 3 potions of lignification {unknown}
 w - 3 potions of brilliance {unknown}
 x - 2 potions of haste {unknown}
 H - a potion of ambrosia {unknown}
Comestibles
 e - 4 bread rations
 k - 9 chunks of flesh
 z - 4 meat rations
 B - a beef jerky
 F - a slice of pizza


   Skills:
 + Level 3.4 Fighting
 - Level 14.0 Staves
 - Level 2.0 Throwing
 + Level 2.3 Armour
 + Level 4.1 Dodging


You had 8 spell levels left.
You didn't know any spells.

Dungeon Overview and Level Annotations

Branches:
Dungeon (6/15)             Temple (1/1) D:6

Altars:
Ashenzari
Cheibriados
Dithmenos
Fedhas
Makhleb
Ru
Vehumet
Xom
Yredelemnul
Zin
The Shining One


Innate Abilities, Weirdness & Mutations

You reflexively headbutt those who attack you in melee.
You have a pair of horns on your head.


Message History

You headbutt the ice beast, but do no damage.
The ice beast is lightly wounded.
The ice beast hits you. The ice beast freezes you!
* * * LOW HITPOINT WARNING * * *
You are too injured to fight recklessly!
You are too injured to fight recklessly!
You are too injured to fight recklessly!
You are too injured to fight recklessly!
You are too injured to fight recklessly!
You hit the ice beast but do no damage.
The ice beast is lightly wounded.
You hit the ice beast. Your headbutt misses the ice beast.
The ice beast is lightly wounded.
The ice beast closely misses you.
You hit the ice beast.
The ice beast is lightly wounded.
The ice beast hits you.
* * * LOW HITPOINT WARNING * * *
The ice beast freezes you!
You die...

....... ....... ......
######## ..... #.)).)?)
#<.. #.###### ##. ... #...#
....$#.###############.####
..>.....lY@...........[....
.........##########.#######
.....$/..# #(# .........#
#.# .........# #.#
.........# #.# ..########
#.# .. #.#
###############.#


You could see an ice beast and an iguana.

Vanquished Creatures
  Pikel (D:5)
  Eustachio (D:5)
  Edmund (D:4)
  An orc warrior (D:6)
  3 centaurs
  4 elf zombies
  2 elf skeletons (D:4)
  2 giant frogs (D:6)
  A scorpion (D:4)
  A jelly (D:6)
  A crimson imp (D:5)
  4 orc wizards
  2 centaur zombies (Ossuary)
  3 hounds
  Crazy Yiuf (D:4)
  An iguana (D:4)
  An orc priest (D:6)
  A giant frog skeleton (D:6)
  A human zombie (Ossuary)
  4 worker ants
  Terence (D:2)
  3 big kobold zombies (Ossuary)
  2 mummies (Ossuary)
  8 adders
  2 shadow imps
  4 oozes
  A worm (D:2)
  4 giant geckos
  9 orcs
  5 hobgoblins
  3 quokkas
  A ball python (D:6)
  7 bats
  5 giant cockroaches
  2 giant newts (D:3)
  8 goblins
  9 hobgoblin zombies (Ossuary)
  A jackal zombie (Ossuary)
  3 kobolds
  10 kobold zombies (Ossuary)
  An orc skeleton (D:4)
  8 orc zombies
  4 rats
  2 rat zombies (Ossuary)
139 creatures vanquished.

Vanquished Creatures (others)
  Menkaure (D:5)
  A sky beast (D:5)
2 creatures vanquished.

Grand Total: 141 creatures vanquished

Notes
Turn   | Place    | Note
--------------------------------------------------------------
     0 | D:1      | Ordine the Minotaur Gladiator began the quest for the Orb.
     0 | D:1      | Reached XP level 1. HP: 18/18 MP: 0/0
    73 | D:1      | Reached skill level 4 in Staves
   147 | D:1      | Reached XP level 2. HP: 19/25 MP: 1/1
   180 | D:1      | You fall through a shaft!
   590 | D:2      | Reached skill level 5 in Staves
   590 | D:2      | Reached XP level 3. HP: 14/30 MP: 2/2
   761 | D:2      | Noticed Terence
   765 | D:2      | Killed Terence
   797 | D:2      | Reached XP level 4. HP: 19/37 MP: 3/3
  1041 | D:2      | Reached skill level 6 in Staves
  1177 | D:2      | Found a basalt altar of Yredelemnul.
  1244 | D:3      | Reached skill level 7 in Staves
  1244 | D:3      | Reached XP level 5. HP: 18/42 MP: 4/4
  2018 | D:3      | Found a sacrificial altar of Ru.
  2134 | D:4      | Found a glowing silver altar of Zin.
  2245 | D:4      | Reached skill level 8 in Staves
  2346 | D:4      | Reached XP level 6. HP: 29/50 MP: 5/5
  2427 | D:4      | Found a sand-covered staircase.
  2434 | D:4      | Reached skill level 9 in Staves
  2441 | Ossuary  | Entered an ossuary
  2735 | Ossuary  | Reached XP level 7. HP: 21/56 MP: 6/6
  2768 | Ossuary  | Reached skill level 10 in Staves
  3383 | D:4      | Found a burning altar of Makhleb.
  3389 | D:4      | Reached skill level 11 in Staves
  3393 | D:4      | Noticed Edmund
  3410 | D:4      | Killed Edmund
  3420 | D:4      | Reached XP level 8. HP: 32/62 MP: 7/7
  3428 | D:3      | Found a glowing golden altar of the Shining One.
  3715 | D:4      | Noticed Crazy Yiuf
  3720 | D:4      | Killed Crazy Yiuf
  3883 | D:5      | Entered Level 5 of the Dungeon
  3986 | D:5      | Noticed Pikel
  3992 | D:5      | Paralysed by Pikel for 6 turns
  4003 | D:5      | Killed Pikel
  4003 | D:5      | Reached skill level 12 in Staves
  4240 | D:5      | Killed Menkaure
  4304 | D:5      | Noticed Eustachio
  4323 | D:5      | Killed Eustachio
  4323 | D:5      | Reached skill level 13 in Staves
  4759 | D:6      | Reached XP level 9. HP: 68/68 MP: 8/8
  4820 | D:6      | Reached skill level 14 in Staves
  5025 | D:6      | Reached skill level 1 in Armour
  5039 | D:6      | Got an ivory spear
  5040 | D:6      | Identified the cursed +1 spear of Conformity {freeze, -Tele rElec SInv} (You found it on level 6 of the Dungeon)
  5049 | D:6      | Found a staircase to the Ecumenical Temple.
  5061 | Temple   | Entered the Ecumenical Temple
  5458 | D:6      | Slain by an ice beast

Vault maps used:
D:1:      lemuel_arrival_muddy, hex_intersection, serial_bayou_ford_a
D:2:      lemuel_coloured_pillars_altar, first_bread, uniq_terence
D:3:      nicolae_overflow_hidden_temple, nicolae_ru_path_of_blood
D:4:      nicolae_overflow_crystal_walls, lemuel_round_altar,
          nicolae_ossuary_entry_catacombs, uniq_edmund, uniq_crazy_yiuf_cottage
D:5:      uniq_eustachio, uniq_pikel, uniq_menkaure
D:6:      minmay_temple_entry_statues
Temple:   hc_temple_tempest_star_small
Ossuary:  ossuary_tomb_1

Action                   |  1- 3 |  4- 6 |  7- 9 || total
-------------------------+-------+-------+-------++-------
Melee: Quarterstaff      |    54 |   201 |   165 ||   420
       Spear             |       |       |    46 ||    46
Throw: Throwing net      |     1 |       |     3 ||     4
  Use: Scroll            |     7 |     4 |       ||    11
       Potion            |     2 |       |     2 ||     4
 Stab: Held in net/web   |       |       |     2 ||     2
  Eat: Chunk             |       |     4 |     6 ||    10
       Bread ration      |       |     1 |       ||     1
